2864 views
Uploaded 2020-03-02 23:57:34
Game version 1.32.2
12:09 long 4on4 ladder game on (8)Northshire_LV
Saved by Teelo
2864 views
Uploaded 2020-03-02 23:57:34
Game version 1.32.2
12:09 long 4on4 ladder game on (8)Northshire_LV


89 units @ 10.5k
/ 1.2k
51 buildings @ 8.8k
/ 3.9k


| Rod of Necromancy | 2 | 300 |
| total: | 2 | 300g |
| Acolyte | 2 | 150 | / | 0 |
| Ghoul | 3 | 360 | / | 0 |
| Crypt Fiend | 7 | 1505 | / | 280 |
| Obsidian Statue | 2 | 400 | / | 70 |
| total: | 14 | 2415g | / | 350w |
| Nerubian Tower | 1 | 100 | / | 20 |
| Graveyard | 1 | 215 | / | 0 |
| Crypt | 1 | 200 | / | 50 |
| Ziggurat | 7 | 1050 | / | 350 |
| Altar of Darkness | 1 | 180 | / | 50 |
| Tomb of Relics | 1 | 130 | / | 30 |
| Slaughterhouse | 1 | 140 | / | 135 |
| Halls of the Dead | 1 | 320 | / | 210 |
| Black Citadel | 1 | 325 | / | 230 |
| total: | 12 | 1915g | / | 615w |
| 0:04 | Acolyte |
| 0:18 | Graveyard |
| 0:21 | Crypt |
| 0:23 | Acolyte |
| 0:41 | Ziggurat |
| 1:02 | Altar of Darkness |
| 1:24 | Ghoul |
| 1:39 | Crypt Fiend |
| 1:53 | Tomb of Relics |
| 2:05 | Ziggurat |
| 2:37 | Nerubian Tower |
| 2:40 | Crypt Fiend |
| 3:03 | Rod of Necromancy |
| 3:09 | Ghoul |
| 3:21 | Death Coil |
| 3:36 | Halls of the Dead |
| 3:53 | Crypt Fiend |
| 4:07 | Unholy Aura |
| 4:14 | Ziggurat |
| 4:27 | Crypt Fiend |
| 4:54 | Crypt Fiend |
| 5:04 | Creature Attack |
| 5:15 | Rod of Necromancy |
| 5:53 | Crypt Fiend |
| 6:10 | Ziggurat |
| 6:17 | Death Coil |
| 6:42 | Slaughterhouse |
| 7:37 | Black Citadel |
| 7:46 | Obsidian Statue |
| 7:48 | Crypt Fiend |
| 8:03 | Frost Nova |
| 8:19 | Ghoul |
| 8:20 | Improved Creature Attack |
| 8:35 | Obsidian Statue |
| 8:58 | Web |
| 9:10 | Unholy Aura |
| 9:23 | Frost Armor |
| 9:25 | Ziggurat |
| 9:27 | Creature Carapace |
| 10:22 | Destroyer Form |
| 10:24 | Ziggurat |
| 11:07 | Ziggurat |
| 11:08 | Improved Creature Carapace |
| Right click | 375 |
| Select group | 173 |
| Select | 157 |
| Misc. action | 66 |
| Build/train/purchase | 46 |
| Assign group | 43 |
| Chat | 14 |
| Use ability | 7 |
| Item give/drop | 4 |
| Minimap ping | 1 |


| Healing Salve | 1 | 100 |
| total: | 1 | 100g |
| Peon | 14 | 1050 | / | 0 |
| Grunt | 4 | 800 | / | 0 |
| Kodo Beast | 1 | 255 | / | 60 |
| Raider | 3 | 540 | / | 120 |
| total: | 22 | 2645g | / | 180w |
| Altar of Storms | 1 | 180 | / | 50 |
| Orc Burrow | 5 | 800 | / | 200 |
| Barracks | 1 | 180 | / | 50 |
| Voodoo Lounge | 1 | 130 | / | 30 |
| War Mill | 1 | 205 | / | 0 |
| Beastiary | 2 | 290 | / | 280 |
| Stronghold | 1 | 315 | / | 190 |
| Fortress | 1 | 325 | / | 190 |
| total: | 11 | 1785g | / | 610w |
| 0:03 | Peon |
| 0:04 | Peon |
| 0:04 | Peon |
| 0:12 | Altar of Storms |
| 0:16 | Peon |
| 0:18 | Orc Burrow |
| 0:20 | Peon |
| 0:26 | Peon |
| 0:40 | Peon |
| 0:40 | Peon |
| 0:40 | Peon |
| 0:46 | Peon |
| 0:53 | Barracks |
| 0:55 | Peon |
| 0:57 | Peon |
| 1:08 | Peon |
| 1:18 | Peon |
| 1:34 | Orc Burrow |
| 1:57 | Grunt |
| 2:12 | Voodoo Lounge |
| 2:13 | Wind Walk |
| 2:18 | Grunt |
| 2:47 | Stronghold |
| 3:11 | Grunt |
| 3:28 | Orc Burrow |
| 4:03 | Grunt |
| 4:06 | Orc Burrow |
| 4:44 | War Mill |
| 5:09 | Berserker Strength |
| 5:27 | Critical Strike |
| 5:38 | Beastiary |
| 5:45 | Healing Salve |
| 6:06 | Healing Wave |
| 6:11 | Steel Armor |
| 7:05 | Kodo Beast |
| 7:43 | Raider |
| 7:43 | Ensnare |
| 7:45 | Fortress |
| 7:47 | Beastiary |
| 7:53 | Serpent Ward |
| 9:17 | Raider |
| 9:19 | Steel Melee Weapons |
| 9:20 | Orc Burrow |
| 9:56 | Raider |
| 10:11 | Wind Walk |
| 10:17 | War Drums Damage Increase |
| 10:20 | Pillage |
| 11:38 | Healing Wave |
| Right click | 836 |
| Select | 250 |
| Select group | 77 |
| Assign group | 71 |
| Build/train/purchase | 54 |
| Use ability | 31 |
| Minimap ping | 10 |
| Remove unit | 7 |
| Chat | 4 |
| Misc. action | 3 |
| Item give/drop | 2 |


| Wisp | 18 | 1080 | / | 0 |
| Huntress | 5 | 975 | / | 100 |
| Goblin Sapper | 1 | 215 | / | 100 |
| Assassin | 1 | 250 | / | 30 |
| total: | 25 | 2520g | / | 230w |
| Altar of Elders | 1 | 180 | / | 50 |
| Moon Well | 5 | 900 | / | 200 |
| Hunter's Hall | 1 | 210 | / | 100 |
| Ancient of War | 1 | 150 | / | 60 |
| Tree of Life | 2 | 680 | / | 370 |
| Ancient of Wind | 1 | 150 | / | 140 |
| Chimaera Roost | 4 | 560 | / | 760 |
| Tree of Ages | 1 | 320 | / | 180 |
| Tree of Eternity | 1 | 330 | / | 200 |
| total: | 15 | 2830g | / | 1680w |
| 0:02 | Wisp |
| 0:02 | Wisp |
| 0:13 | Altar of Elders |
| 0:18 | Moon Well |
| 0:20 | Wisp |
| 0:31 | Wisp |
| 0:36 | Wisp |
| 0:50 | Wisp |
| 1:23 | Wisp |
| 1:45 | Hunter's Hall |
| 1:49 | Ancient of War |
| 1:50 | Wisp |
| 1:53 | Moon Well |
| 1:54 | Wisp |
| 1:59 | Wisp |
| 2:09 | Wisp |
| 2:24 | Evasion |
| 2:32 | Moon Well |
| 2:39 | Wisp |
| 2:46 | Ultravision |
| 2:52 | Huntress |
| 3:18 | Tree of Ages |
| 3:38 | Huntress |
| 3:52 | Moon Well |
| 3:58 | Mana Burn |
| 4:14 | Huntress |
| 4:43 | Huntress |
| 5:04 | Tree of Life |
| 5:30 | Huntress |
| 5:35 | Moon Well |
| 6:13 | Evasion |
| 6:22 | Wisp |
| 7:34 | Ancient of Wind |
| 7:34 | Tree of Eternity |
| 7:43 | Trueshot Aura |
| 7:54 | Assassin |
| 8:37 | Strength of the Wild |
| 9:15 | Wisp |
| 9:15 | Wisp |
| 9:15 | Wisp |
| 9:15 | Wisp |
| 9:15 | Wisp |
| 9:20 | Mana Burn |
| 9:57 | Searing Arrows |
| 10:06 | Chimaera Roost |
| 10:06 | Chimaera Roost |
| 10:07 | Chimaera Roost |
| 10:08 | Chimaera Roost |
| 10:23 | Goblin Sapper |
| 10:43 | Improved Strength of the Wild |
| 11:11 | Tree of Life |
| Right click | 1000 |
| Assign group | 319 |
| Select group | 252 |
| Select | 229 |
| Chat | 73 |
| Misc. action | 63 |
| Build/train/purchase | 45 |
| Use ability | 12 |
| Item give/drop | 6 |
| Esc | 4 |

| Lesser Clarity Potion | 2 | 140 |
| Potion of Mana | 1 | 200 |
| total: | 3 | 340g |
| Wisp | 19 | 1140 | / | 0 |
| Archer | 4 | 520 | / | 40 |
| Druid of the Claw | 5 | 1275 | / | 400 |
| total: | 28 | 2935g | / | 440w |
| Ancient Protector | 1 | 135 | / | 80 |
| Altar of Elders | 1 | 180 | / | 50 |
| Moon Well | 4 | 720 | / | 160 |
| Ancient of War | 2 | 300 | / | 120 |
| Ancient of Wonders | 1 | 90 | / | 30 |
| Hunter's Hall | 1 | 210 | / | 100 |
| Tree of Life | 1 | 340 | / | 185 |
| Ancient of Lore | 2 | 310 | / | 290 |
| Tree of Ages | 1 | 320 | / | 180 |
| Tree of Eternity | 1 | 330 | / | 200 |
| total: | 13 | 2285g | / | 1015w |
| 0:02 | Wisp |
| 0:02 | Wisp |
| 0:03 | Wisp |
| 0:21 | Altar of Elders |
| 0:32 | Moon Well |
| 0:39 | Wisp |
| 0:39 | Wisp |
| 0:47 | Ancient of War |
| 0:51 | Ancient of War |
| 0:58 | Wisp |
| 1:12 | Wisp |
| 1:27 | Wisp |
| 1:39 | Moon Well |
| 1:42 | Wisp |
| 1:42 | Wisp |
| 2:03 | Wisp |
| 2:19 | Moon Well |
| 2:24 | Entangling Roots |
| 2:32 | Archer |
| 2:34 | Archer |
| 2:39 | Ancient of Wonders |
| 2:42 | Wisp |
| 3:10 | Archer |
| 3:13 | Tree of Ages |
| 3:33 | Hunter's Hall |
| 3:49 | Moon Well |
| 4:03 | Archer |
| 4:44 | Strength of the Wild |
| 4:45 | Ultravision |
| 5:00 | Ancient Protector |
| 5:23 | Thorns Aura |
| 5:38 | Tree of Eternity |
| 5:41 | Ancient of Lore |
| 5:43 | Ancient of Lore |
| 6:05 | Improved Strength of the Wild |
| 6:19 | Lesser Clarity Potion |
| 6:19 | Lesser Clarity Potion |
| 7:23 | Tree of Life |
| 7:41 | Druid of the Claw Adept Training |
| 7:43 | Druid of the Claw |
| 8:31 | Druid of the Claw Master Training |
| 8:49 | Druid of the Claw |
| 9:20 | Druid of the Claw |
| 9:22 | Druid of the Claw |
| 9:25 | Wisp |
| 9:25 | Wisp |
| 9:48 | Thorns Aura |
| 10:09 | Wisp |
| 10:09 | Wisp |
| 10:09 | Wisp |
| 10:09 | Wisp |
| 10:10 | Wisp |
| 10:13 | Mark of the Claw |
| 10:28 | Druid of the Claw |
| 10:36 | Potion of Mana |
| 10:51 | Entangling Roots |
| Right click | 286 |
| Select group | 198 |
| Chat | 112 |
| Select | 108 |
| Build/train/purchase | 57 |
| Misc. action | 43 |
| Assign group | 34 |
| Use ability | 27 |
| Minimap ping | 5 |
103 units @ 12.4k
/ 0.9k
86 buildings @ 10.7k
/ 4.8k

| Orb of Fire | 1 | 325 |
| total: | 1 | 325g |
| Peasant | 23 | 1725 | / | 0 |
| Gryphon Rider | 2 | 560 | / | 140 |
| total: | 25 | 2285g | / | 140w |
| Scout Tower | 4 | 120 | / | 80 |
| Guard Tower | 3 | 210 | / | 150 |
| Arcane Tower | 1 | 70 | / | 50 |
| Farm | 9 | 720 | / | 180 |
| Altar of Kings | 1 | 180 | / | 50 |
| Lumber Mill | 1 | 120 | / | 0 |
| Town Hall | 1 | 385 | / | 205 |
| Blacksmith | 1 | 140 | / | 60 |
| Arcane Vault | 1 | 130 | / | 30 |
| Barracks | 2 | 320 | / | 120 |
| Gryphon Aviary | 4 | 560 | / | 600 |
| Keep | 1 | 320 | / | 210 |
| Castle | 1 | 360 | / | 210 |
| total: | 24 | 2675g | / | 1325w |
| 0:03 | Peasant |
| 0:03 | Peasant |
| 0:03 | Peasant |
| 0:03 | Peasant |
| 0:03 | Peasant |
| 0:50 | Farm |
| 1:26 | Peasant |
| 1:26 | Peasant |
| 1:26 | Peasant |
| 1:28 | Farm |
| 1:53 | Peasant |
| 1:53 | Peasant |
| 1:53 | Peasant |
| 1:58 | Altar of Kings |
| 2:05 | Farm |
| 2:43 | Farm |
| 2:50 | Peasant |
| 2:50 | Peasant |
| 3:11 | Lumber Mill |
| 3:15 | Peasant |
| 3:18 | Peasant |
| 3:18 | Peasant |
| 3:32 | Peasant |
| 3:46 | Scout Tower |
| 3:50 | Farm |
| 4:07 | Farm |
| 4:26 | Holy Light |
| 4:46 | Guard Tower |
| 4:48 | Scout Tower |
| 5:10 | Scout Tower |
| 5:39 | Town Hall |
| 5:41 | Keep |
| 5:47 | Guard Tower |
| 5:48 | Arcane Tower |
| 5:49 | Farm |
| 5:53 | Blacksmith |
| 6:37 | Farm |
| 6:41 | Improved Masonry |
| 6:47 | Divine Shield |
| 7:12 | Iron Forged Swords |
| 7:13 | Iron Plating |
| 7:22 | Scout Tower |
| 7:54 | Farm |
| 8:09 | Gryphon Aviary |
| 8:11 | Castle |
| 8:40 | Peasant |
| 8:40 | Peasant |
| 8:59 | Guard Tower |
| 9:02 | Gryphon Aviary |
| 9:17 | Arcane Vault |
| 9:19 | Improved Lumber Harvesting |
| 9:25 | Peasant |
| 9:25 | Peasant |
| 9:25 | Peasant |
| 9:39 | Gryphon Aviary |
| 10:08 | Peasant |
| 10:20 | Gryphon Aviary |
| 10:33 | Orb of Fire |
| 11:02 | Gryphon Rider |
| 11:09 | Barracks |
| 11:11 | Barracks |
| 11:15 | Gryphon Rider |
| Select | 118 |
| Right click | 96 |
| Build/train/purchase | 48 |
| Select group | 22 |
| Misc. action | 9 |
| Use ability | 4 |
| Assign group | 2 |

| Scroll of Regeneration | 2 | 200 |
| total: | 2 | 200g |
| Peasant | 12 | 900 | / | 0 |
| Footman | 10 | 1350 | / | 0 |
| Mortar Team | 3 | 540 | / | 210 |
| Forest Troll High Priest | 1 | 305 | / | 40 |
| total: | 26 | 3095g | / | 250w |
| Scout Tower | 5 | 150 | / | 100 |
| Arcane Tower | 5 | 350 | / | 250 |
| Farm | 11 | 880 | / | 220 |
| Altar of Kings | 1 | 180 | / | 50 |
| Barracks | 1 | 160 | / | 60 |
| Arcane Vault | 1 | 130 | / | 30 |
| Blacksmith | 1 | 140 | / | 60 |
| Lumber Mill | 1 | 120 | / | 0 |
| Workshop | 2 | 280 | / | 280 |
| Keep | 2 | 640 | / | 420 |
| total: | 23 | 2040g | / | 800w |
| 0:09 | Peasant |
| 0:09 | Peasant |
| 0:14 | Farm |
| 0:14 | Altar of Kings |
| 0:17 | Farm |
| 0:39 | Peasant |
| 0:39 | Peasant |
| 0:43 | Barracks |
| 0:55 | Peasant |
| 1:18 | Farm |
| 1:27 | Farm |
| 1:29 | Peasant |
| 1:29 | Peasant |
| 1:34 | Peasant |
| 2:05 | Farm |
| 2:11 | Footman |
| 2:13 | Footman |
| 2:14 | Summon Water Elemental |
| 2:23 | Arcane Vault |
| 2:25 | Peasant |
| 2:26 | Peasant |
| 2:48 | Footman |
| 2:58 | Scout Tower |
| 3:00 | Scout Tower |
| 3:19 | Footman |
| 3:19 | Footman |
| 3:32 | Scout Tower |
| 3:34 | Scout Tower |
| 3:35 | Arcane Tower |
| 3:36 | Arcane Tower |
| 3:37 | Peasant |
| 3:57 | Footman |
| 4:00 | Peasant |
| 4:25 | Defend |
| 4:47 | Arcane Tower |
| 4:48 | Scout Tower |
| 4:53 | Keep |
| 4:55 | Farm |
| 4:59 | Scroll of Regeneration |
| 5:13 | Footman |
| 5:19 | Arcane Tower |
| 5:55 | Footman |
| 5:57 | Farm |
| 6:01 | Blacksmith |
| 6:08 | Brilliance Aura |
| 6:25 | Footman |
| 6:35 | Lumber Mill |
| 7:21 | Forest Troll High Priest |
| 7:28 | Workshop |
| 7:29 | Workshop |
| 7:32 | Farm |
| 7:32 | Farm |
| 7:40 | Scroll of Regeneration |
| 8:54 | Mortar Team |
| 9:06 | Mortar Team |
| 9:07 | Farm |
| 9:09 | Farm |
| 9:21 | Footman |
| 9:28 | Black Gunpowder |
| 9:49 | Summon Water Elemental |
| 10:06 | Mortar Team |
| 11:01 | Brilliance Aura |
| Right click | 716 |
| Select | 219 |
| Build/train/purchase | 93 |
| Select group | 58 |
| Chat | 47 |
| Assign group | 35 |
| Misc. action | 20 |
| Minimap ping | 13 |
| Remove unit | 2 |
| Use ability | 1 |
| Esc | 1 |

| Healing Salve | 1 | 100 |
| total: | 1 | 100g |
| Peon | 13 | 975 | / | 0 |
| Grunt | 1 | 200 | / | 0 |
| Troll Headhunter | 14 | 1960 | / | 280 |
| Raider | 2 | 360 | / | 80 |
| total: | 30 | 3495g | / | 360w |
| Barracks | 1 | 180 | / | 50 |
| Orc Burrow | 4 | 640 | / | 160 |
| Altar of Storms | 1 | 180 | / | 50 |
| War Mill | 1 | 205 | / | 0 |
| Voodoo Lounge | 1 | 130 | / | 30 |
| Great Hall | 1 | 385 | / | 185 |
| Beastiary | 1 | 145 | / | 140 |
| Spirit Lodge | 1 | 150 | / | 150 |
| Stronghold | 1 | 315 | / | 190 |
| Fortress | 1 | 325 | / | 190 |
| total: | 11 | 2015g | / | 765w |
| 0:09 | Peon |
| 0:09 | Peon |
| 0:10 | Peon |
| 0:10 | Peon |
| 0:10 | Peon |
| 0:28 | Barracks |
| 0:42 | Orc Burrow |
| 0:57 | Altar of Storms |
| 1:25 | War Mill |
| 1:40 | Grunt |
| 1:42 | Peon |
| 1:46 | Pillage |
| 2:18 | Orc Burrow |
| 2:31 | Orc Burrow |
| 3:01 | Peon |
| 3:15 | Troll Headhunter |
| 3:16 | Troll Headhunter |
| 3:18 | Troll Headhunter |
| 3:32 | Voodoo Lounge |
| 3:50 | Endurance Aura |
| 3:59 | Peon |
| 3:59 | Peon |
| 4:00 | Steel Armor |
| 4:01 | Steel Ranged Weapons |
| 4:18 | Troll Headhunter |
| 4:56 | Troll Headhunter |
| 4:59 | War Stomp |
| 5:02 | Stronghold |
| 5:05 | Spiked Barricades |
| 5:19 | Healing Salve |
| 5:32 | Troll Headhunter |
| 5:39 | Troll Headhunter |
| 6:41 | Troll Headhunter |
| 6:47 | Great Hall |
| 7:24 | Thorium Armor |
| 7:25 | Reinforced Defenses |
| 7:28 | Fortress |
| 7:47 | Endurance Aura |
| 8:10 | Steel Melee Weapons |
| 8:14 | Troll Regeneration |
| 8:15 | Troll Headhunter |
| 9:03 | Thorium Ranged Weapons |
| 9:09 | Beastiary |
| 10:03 | Troll Headhunter |
| 10:03 | Troll Headhunter |
| 10:03 | Troll Headhunter |
| 10:17 | Raider |
| 10:18 | Raider |
| 10:19 | Ensnare |
| 10:28 | Spirit Lodge |
| 10:43 | Peon |
| 10:43 | Peon |
| 10:43 | Peon |
| 10:43 | Peon |
| 11:09 | Troll Headhunter |
| 11:38 | Orc Burrow |
| 11:45 | Troll Headhunter |
| Select | 93 |
| Select group | 83 |
| Build/train/purchase | 53 |
| Right click | 40 |
| Misc. action | 15 |
| Assign group | 9 |
| Resource trade | 5 |
| Use ability | 4 |
| Remove unit | 1 |

| Healing Salve | 2 | 200 |
| Lesser Clarity Potion | 2 | 140 |
| total: | 4 | 340g |
| Peon | 10 | 750 | / | 0 |
| Grunt | 10 | 2000 | / | 0 |
| Goblin Shredder | 2 | 750 | / | 200 |
| total: | 22 | 3500g | / | 200w |
| Watch Tower | 16 | 1760 | / | 1280 |
| Altar of Storms | 1 | 180 | / | 50 |
| Orc Burrow | 7 | 1120 | / | 280 |
| Barracks | 1 | 180 | / | 50 |
| Voodoo Lounge | 1 | 130 | / | 30 |
| War Mill | 1 | 205 | / | 0 |
| Great Hall | 1 | 385 | / | 185 |
| total: | 28 | 3960g | / | 1875w |
| 0:10 | Altar of Storms |
| 0:11 | Peon |
| 0:11 | Peon |
| 0:11 | Peon |
| 0:12 | Peon |
| 0:29 | Orc Burrow |
| 0:35 | Peon |
| 0:36 | Peon |
| 0:36 | Peon |
| 0:56 | Orc Burrow |
| 1:10 | Barracks |
| 1:14 | Peon |
| 1:14 | Peon |
| 1:15 | Peon |
| 1:32 | Orc Burrow |
| 1:52 | Voodoo Lounge |
| 2:10 | Orc Burrow |
| 2:17 | Grunt |
| 2:21 | Serpent Ward |
| 2:59 | Grunt |
| 2:59 | Grunt |
| 3:15 | Grunt |
| 3:50 | Healing Wave |
| 4:04 | Healing Salve |
| 4:17 | Orc Burrow |
| 4:23 | Grunt |
| 4:23 | Grunt |
| 5:09 | War Mill |
| 5:12 | Grunt |
| 5:12 | Grunt |
| 5:44 | Goblin Shredder |
| 5:45 | Goblin Shredder |
| 6:01 | Healing Salve |
| 6:04 | Lesser Clarity Potion |
| 6:06 | Lesser Clarity Potion |
| 6:48 | Great Hall |
| 7:02 | Serpent Ward |
| 7:30 | Orc Burrow |
| 7:31 | Orc Burrow |
| 7:35 | Watch Tower |
| 7:36 | Watch Tower |
| 7:37 | Watch Tower |
| 7:37 | Watch Tower |
| 7:38 | Watch Tower |
| 7:39 | Watch Tower |
| 7:40 | Watch Tower |
| 7:41 | Watch Tower |
| 7:42 | Watch Tower |
| 7:43 | Watch Tower |
| 7:43 | Watch Tower |
| 7:44 | Watch Tower |
| 7:45 | Watch Tower |
| 7:45 | Watch Tower |
| 7:47 | Watch Tower |
| 7:48 | Watch Tower |
| 8:09 | Grunt |
| 8:09 | Grunt |
| Right click | 244 |
| Select | 103 |
| Select group | 43 |
| Build/train/purchase | 35 |
| Use ability | 29 |
| Misc. action | 23 |
| Assign group | 11 |
| Minimap ping | 10 |
| Item give/drop | 1 |
| Remove unit | 1 |
⇛